 Dungeon Crawl Stone Soup version 0.30-a0-6-g7c9e10e132 (webtiles) character file.

Game seed: 2462224440230108922

96826 snarfax the Warrior (level 15, -6/228 HPs)
             Began as a Minotaur Berserker on Aug 20, 2022.
             Was a High Priest of Trog.
             Mangled by Agnes
             ... wielding a +3 lajatang of speed
              (17 damage)
             ... on level 3 of the Snake Pit on Aug 22, 2022.
             The game lasted 01:29:52 (29055 turns).

snarfax the Warrior (Minotaur Berserker)           Turns: 29055, Time: 01:29:53

Health: -6/228     AC: 34    Str: 37    XL:     15   Next: 70%
Magic:  14/14      EV:  9    Int: 12    God:    Trog [*****.]
Gold:   1346       SH: 12    Dex: 19    Spells: 14/14 levels left

rFire   . . .      SeeInvis +    a - +11 broad axe of Diet Blood {vorpal, rN+++ Str+8 Dex-5 SInv}
rCold   . . .      Faith    .    h - +0 kite shield {reflect}
rNeg    + + +      Spirit   .    m - +0 plate armour
rPois   +          Reflect  +    b - +1 hat
rElec   .          Harm     .    V - +0 cloak
rCorr   .          Rampage  ∞    Z - +2 pair of gloves {Str+3}
Will    +....                    M - +3 pair of seven-league boots {Rampage+∞}
Stlth   ..........               X - amulet of regeneration
HPRegen 1.28/turn                A - ring "Juimoradd" {Contam AC+4 Int+6 Dex+7}
MPRegen 0.14/turn                v - ring "Ariti" {rPois Str+4 Dex+2}

@: berserking, very quick
A: horns 2, retaliatory headbutt, sturdy frame 1
a: Renounce Religion, Berserk, Trog's Hand, Brothers in Arms


You were on level 3 of the Snake Pit.
You worshipped Trog.
Trog was extremely pleased with you.
You visited 4 branches of the dungeon, and saw 23 of its levels.
You also visited: Bailey, Gauntlet and Ice Cave.

You collected 2320 gold pieces.
You spent 974 gold pieces at shops.

Inventory:

Hand Weapons
 a - the +11 broad axe of Diet Blood (weapon) {vorpal, rN+++ Str+8 Dex-5 SInv}
   (Trog gifted it to you in an ice cave)

   It inflicts extra damage upon your enemies.
   Str:       It affects your strength (+8).
   Dex:       It affects your dexterity (-5).
   rN:        It renders you almost immune to negative energy.
   SInv:      It lets you see invisible.
 t - the +8 flail of the Equator {vorpal, rF+ Str+4}
   (You found it on level 6 of the Dungeon)

   It inflicts extra damage upon your enemies.
   Str:       It affects your strength (+4).
   rF:        It protects you from fire.
 C - a +4 battleaxe of freezing
 W - a +7 antimagic broad axe
Missiles
 c - 23 poisoned darts (quivered)
 n - 11 boomerangs of dispersal
 o - 18 boomerangs
 p - 7 javelins
 I - 4 atropa-tipped darts
Armour
 b - a +1 hat (worn)
 g - a +0 chain mail of cold resistance
 h - a +0 kite shield of reflection (worn)
 k - a +2 pair of boots of flying
 m - a +0 plate armour (worn)
 x - the +1 pair of boots "Tir Vuumuqy" {rN+}
   (You found it in a Gauntlet)

   rN:        It protects you from negative energy.
 M - the +3 pair of seven-league boots (worn) {Rampage+∞}
   (You found it in a bailey)

   Its wearer moves as far as possible in that direction when moving towards
   enemies.
 N - a +0 pair of gloves of dexterity
 V - a +0 cloak (worn)
 Z - a +2 pair of gloves of strength (worn)
Jewellery
 r - a ring of flight
 s - a +4 ring of evasion
 v - the ring "Ariti" (right hand) {rPois Str+4 Dex+2}
   (You bought it in a shop on level 2 of the Orcish Mines)

   [ring of poison resistance]

   Str:       It affects your strength (+4).
   Dex:       It affects your dexterity (+2).
   rPois:     It protects you from poison.
 y - a ring of fire
 A - the ring "Juimoradd" (left hand) {Contam AC+4 Int+6 Dex+7}
   (You took it off a minotaur in a Gauntlet)

   [ring of protection]

   AC:        It affects your AC (+4).
   Int:       It affects your intelligence (+6).
   Dex:       It affects your dexterity (+7).
   Contam:    It causes magical contamination when unequipped.
 P - a ring of ice
 R - a ring of willpower
 S - a ring of resist corrosion
 X - an amulet of regeneration (around neck)
Wands
 i - a wand of flame (23)
 H - a wand of roots (11)
 T - a wand of light (6)
Scrolls
 d - 3 scrolls of vulnerability
 e - 2 scrolls of blinking
 j - a scroll of fear
 q - 3 scrolls of enchant weapon
 w - 2 scrolls of magic mapping
 z - a scroll of butterflies
 G - a scroll of brand weapon
 J - a scroll of summoning
 O - 6 scrolls of teleportation
 Y - a scroll of enchant armour
Potions
 f - 4 potions of mutation
 l - 4 potions of magic
 u - 2 potions of heal wounds
 D - 4 potions of might
 E - 6 potions of curing
 F - a potion of resistance
 K - a potion of invisibility
 Q - 4 potions of haste
 U - 2 potions of cancellation
Miscellaneous
 B - a phantom mirror
 L - a box of beasts


   Skills:
 + Level 19.2 Fighting
 - Level 18.3 Axes
 + Level 19.0 Armour
 - Level 2.1 Dodging
 - Level 10.0 Shields


You had 14 spell levels left.
You didn't know any spells.
Your spell library was empty.

Dungeon Overview and Level Annotations

Branches:
Dungeon (13/15)            Temple (0/1) D:6            Lair (5/5) D:10
 Shoals (0/4) Lair:3        Snake (3/4) Lair:3        Slime (0/5) Lair:4
    Orc (2/2) D:11            Elf (0/3) Orc:2        Bailey (visited)
  IceCv (visited)         Gauntlet (visited)
 Vaults: D:13-14

Altars:
Dithmenos
Elyvilon
Gozag
Makhleb
Qazlal
Ru
Sif Muna
Trog
Vehumet
Wu Jian
Xom
Yredelemnul
The Shining One

Shops:
D:5 *   Orc:2 (:=:   Snake:1 !   Snake:3 [

Annotations:
D:11 3 runed translucent doors, purpskrrrp's ghost, journeyman TrAK
D:13 Erolcha
Snake:3 Agnes


Innate Abilities, Weirdness & Mutations

You have a pair of horns on your head.
You reflexively headbutt those who attack you in melee.
Your movements are slightly less encumbered by armour. (ER -2)


Message History

You block Agnes's attack.
Agnes hits you with a +3 lajatang of speed.
Agnes hits you but does no damage. You block Agnes's attack.
You slice Agnes!!
Agnes is severely wounded.
Agnes hits you with a +3 lajatang of speed.
You block Agnes's attack. Agnes hits you but does no damage.
You miss Agnes.
Agnes is severely wounded.
Agnes hits you with a +3 lajatang of speed.
Agnes closely misses you.
Agnes hits you with a +3 lajatang of speed!
Agnes hits you with a +3 lajatang of speed!!
You are too injured to fight recklessly!
A red film seems to cover your vision as you go berserk!
You feel yourself moving faster!
You feel mighty!
Agnes hits you with a +3 lajatang of speed!!
* * * LOW HITPOINT WARNING * * *
Agnes hits you with a +3 lajatang of speed.
* * * LOW HITPOINT WARNING * * *
Agnes misses you. You furiously retaliate!
You headbutt Agnes! You block Agnes's attack.
You miss Agnes. Your headbutt misses Agnes.
Agnes is severely wounded.
You block Agnes's attack. x2; Agnes barely misses you.
You completely miss Agnes. Your headbutt misses Agnes.
Agnes is severely wounded.
Agnes hits you with a +3 lajatang of speed!
* * * LOW HITPOINT WARNING * * *
Agnes hits you with a +3 lajatang of speed!
* * * LOW HITPOINT WARNING * * *
You are too berserk!
You block Agnes's attack. Agnes barely misses you. You furiously retaliate!
You headbutt Agnes!
Agnes hits you with a +3 lajatang of speed!!
* * * LOW HITPOINT WARNING * * *
Agnes attacks as you move away! You block Agnes's attack.
You feel a strong urge to attack something.
Agnes hits you with a +3 lajatang of speed!
You die...

....[.........<..... .....(...#
.................................
...........................(...##
........................ ....# #
.######...............}. # .#
##.................. # ##
#................... #. #
#######.........$... ..? #
##....@....... ... #
#....i....... ... # ##...........
## #...........# .##
#..........### ..## #.........##
..[## #.........# ....#
#.........## ##..## #.........#


You could see Agnes (berserk).

Vanquished Creatures
  Jorgrun (Orc:2)
  Rupert (Lair:3)
  3 dire elephants
  A minotaur (Gauntlet)
  2 ettins (Orc:2)
  A fire dragon (Lair:5)
  5 boulder beetles
  Snorg (Lair:4)
  3 hydras
  Fannar (D:10)
  5 anacondas
  6 two-headed ogres
  A catoblepas (Lair:5)
  A centaur warrior (D:13)
  3 orc high priests
  A deep troll shaman (Lair:5)
  5 naga warriors
  4 death yaks
  5 shock serpents
  5 naga sharpshooters
  A deep elf knight (Snake:1)
  Nergalle (Lair:3)
  A naga ritualist (Snake:1)
  3 lindwurms
  A bog body (IceCv)
  A deep elf archer (Snake:1)
  4 orc knights
  6 mana vipers
  A deep elf pyromancer (D:12)
  2 deep elf zephyrmancers (Orc:1)
  A necromancer (IceCv)
  6 orc sorcerers
  7 oklob plants
  3 salamanders
  3 elephants (Lair:5)
  A cyclops (Orc:1)
  A manticore (D:11)
  A naga mage (Snake:1)
  9 black mambas
  A torpor snail (Lair:2)
  2 gargoyles
  4 ice statues
  10 cane toads
  15 rime drakes
  An unseen horror (D:13)
  7 ice devils (IceCv)
  A kobold demonologist (D:12)
  11 komodo dragons
  An anaconda simulacrum (IceCv)
  3 trolls
  2 polar bears
  2 hornets (D:9)
  6 slime creatures (D:12)
  A raiju (Snake:1)
  12 blink frogs
  Sigmund (D:4)
  12 flying skulls (Gauntlet)
  2 dire elephant simulacra (IceCv)
  6 wyverns
  3 wraiths
  5 shadows
  2 vampires
  17 yaks
  A basilisk (Lair:3)
  13 steam dragons
  2 acid dragons (D:11)
  2 harpy simulacra (IceCv)
  13 nagas
  5 hydra simulacra (IceCv)
  8 water moccasins
  Duvessa (D:4)
  2 sky beasts
  22 orc warriors
  2 swamp drakes
  5 black bears
  7 ogres
  7 centaurs
  5 wolves (Lair:5)
  A phantom (D:6)
  A kobold brigand (D:12)
  9 bullfrogs
  2 necrophages
  2 gnoll sergeants
  3 scorpions
  14 wights
  Dowan (D:4)
  4 killer bees
  An elephant simulacrum (IceCv)
  9 vampire bats (Bailey)
  An electric eel (Lair:1)
  7 wolf zombies (Bailey)
  5 howler monkeys
  2 crimson imps
  A gnoll bouda (D:5)
  4 jellies
  7 hounds
  19 orc priests
  3 iguanas
  An iron imp (Orc:1)
  Ijyb (D:3)
  Natasha (thrice) (D:4)
  32 orc wizards
  A polar bear simulacrum (IceCv)
  A troll simulacrum (IceCv)
  A wolf simulacrum (IceCv)
  2 adders
  10 gnolls
  A naga simulacrum (IceCv)
  2 shadow imps
  3 white imps
  A worm (D:2)
  A dart slug (D:2)
  79 orcs
  2 bats
  6 endoplasms
  9 hobgoblins
  3 jackals (D:2)
  3 quokkas
  4 ball pythons
  3 goblins
  8 kobolds
  20 orc zombies (Bailey)
  4 rats
  A plant (Lair:4)
628 creatures vanquished.

Vanquished Creatures (collateral kills)
  An orc knight (Orc:2)
  An orc warrior (Orc:2)
  An orc priest (Orc:2)
3 creatures vanquished.

Vanquished Creatures (others)
  Sonja (Lair:4)
  A rime drake (Lair:5)
  An orc wizard (D:5)
  An orc (Orc:2)
  14 fungi
  46 plants
  A withered plant (Gauntlet)
65 creatures vanquished.

Grand Total: 696 creatures vanquished

Notes
Turn   | Place    | Note
-------+----------+-------------------------------------------
     0 | D:1      | snarfax the Minotaur Berserker began the quest for the Orb.
     0 | D:1      | Reached XP level 1. HP: 19/19 MP: 0/0
   516 | D:1      | Reached XP level 2. HP: 25/27 MP: 1/1
  1463 | D:2      | Reached XP level 3. HP: 33/33 MP: 2/2
  1738 | D:3      | Noticed Ijyb
  1758 | D:3      | Killed Ijyb
  1759 | D:3      | Reached skill level 5 in Axes
  1759 | D:3      | Reached XP level 4. HP: 16/40 MP: 3/3
  2811 | D:4      | Noticed Sigmund
  2826 | D:4      | Noticed a necrophage
  2839 | D:3      | Killed a necrophage
  2840 | D:3      | Reached XP level 5. HP: 31/47 MP: 4/4
  2988 | D:4      | Noticed Dowan
  2990 | D:4      | Noticed Duvessa
  3000 | D:4      | Killed Duvessa
  3001 | D:4      | Reached skill level 5 in Fighting
  3005 | D:4      | Killed Dowan
  3006 | D:4      | Reached XP level 6. HP: 22/56 MP: 5/5
  3321 | D:4      | Noticed Natasha
  3331 | D:4      | Killed Natasha
  3348 | D:4      | Noticed Natasha
  3355 | D:4      | Reached ** piety under Trog
  3360 | D:4      | Killed Natasha
  3420 | D:4      | Found an opulent altar of Gozag.
  3513 | D:4      | Killed Sigmund
  3514 | D:4      | Reached skill level 5 in Armour
  3514 | D:4      | Reached XP level 7. HP: 47/62 MP: 6/6
  3762 | D:4      | Noticed Natasha
  3770 | D:4      | Killed Natasha
  3922 | D:5      | Entered Level 5 of the Dungeon
  4745 | D:5      | Found a stormy altar of Qazlal.
  4748 | D:5      | Found a shimmering altar of Xom.
  4773 | D:5      | Reached XP level 8. HP: 41/71 MP: 7/7
  5019 | D:5      | Found Nycuwk's Gadget Gallery.
  5552 | D:5      | Found a shimmering blue altar of Sif Muna.
  6365 | D:6      | Found a staircase to the Ecumenical Temple.
  6487 | D:6      | Reached skill level 10 in Axes
  6798 | D:6      | Identified the +8 flail of the Equator {vorpal, rF+ Str+4}
  6817 | D:6      | Reached *** piety under Trog
  6880 | D:6      | Reached XP level 9. HP: 81/81 MP: 8/8
  7401 | D:7      | Found a bloodstained altar of Trog.
  7761 | D:7      | Found a radiant altar of Vehumet.
  7762 | D:7      | Found a burning altar of Makhleb.
  8269 | D:8      | Upgraded the game from 0.30-a0-4-ga7cffc901d to
                  | 0.30-a0-6-g7c9e10e132
  8496 | D:8      | Found a basalt altar of Yredelemnul.
  8943 | D:8      | Found a shadowy altar of Dithmenos.
  8952 | D:8      | Noticed a four-headed hydra
  8957 | D:8      | Killed a four-headed hydra
  8958 | D:8      | Reached XP level 10. HP: 72/93 MP: 9/9
  9058 | D:8      | Reached skill level 10 in Fighting
  9792 | D:9      | Reached **** piety under Trog
 10236 | D:9      | Found an ornate altar of the Wu Jian Council.
 10495 | D:9      | Reached skill level 10 in Armour
 11611 | D:10     | Entered Level 10 of the Dungeon
 11630 | D:10     | Found a flagged portal.
 11639 | Bailey   | Entered a bailey
 11718 | Bailey   | Noticed a gargoyle
 11722 | Bailey   | Killed a gargoyle
 11913 | Bailey   | Reached ***** piety under Trog
 11974 | Bailey   | Found the +3 pair of seven-league boots {Rampage+∞}
 12289 | D:10     | Found a sacrificial altar of Ru.
 12292 | D:10     | Found a glowing golden altar of the Shining One.
 12294 | D:10     | Noticed Fannar
 12295 | D:10     | Found a white marble altar of Elyvilon.
 12301 | D:10     | Killed Fannar
 12302 | D:10     | Reached XP level 11. HP: 96/102 MP: 10/10
 12329 | D:10     | Noticed a two-headed ogre
 12343 | D:10     | Killed a two-headed ogre
 12760 | D:10     | Identified the +2 leather armour of Hepliaklqana's Fury
                  | {rN+}
 12871 | D:10     | Found a staircase to the Lair.
 13179 | D:11     | Noticed a two-headed ogre
 13284 | D:11     | Killed a two-headed ogre
 13609 | D:11     | Reached skill level 15 in Axes
 13956 | D:11     | Noticed a boulder beetle
 13983 | D:11     | Killed a boulder beetle
 14120 | D:11     | Found a runed translucent gate.
 14120 | D:11     | Found a runed translucent gate.
 14120 | D:11     | Found a runed translucent gate.
 14125 | D:11     | Noticed purpskrrrp's ghost (journeyman TrAK)
 14388 | D:11     | Received a gift from Trog
 14474 | D:11     | Found a staircase to the Orcish Mines.
 14609 | D:11     | Noticed a two-headed ogre
 14619 | D:11     | Killed a two-headed ogre
 14622 | D:11     | Noticed a two-headed ogre
 14627 | D:11     | Killed a two-headed ogre
 14652 | D:11     | Reached XP level 12. HP: 63/113 MP: 11/11
 15008 | D:11     | Identified the +1 helmet of Jyiweoz {+Inv}
 15039 | D:11     | Noticed a boulder beetle
 15053 | D:11     | Killed a boulder beetle
 15460 | D:11     | Noticed a boulder beetle
 15471 | D:11     | Killed a boulder beetle
 15783 | D:12     | Noticed a two-headed ogre
 15793 | D:12     | Killed a two-headed ogre
 16233 | D:12     | HP: 5/115 [very large slime creature (27)]
 16405 | D:11     | Noticed a two-headed ogre
 16429 | D:11     | Killed a two-headed ogre
 16790 | D:12     | Noticed a boulder beetle
 16806 | D:12     | Killed a boulder beetle
 17141 | Orc:1    | Entered Level 1 of the Orcish Mines
 17431 | Orc:2    | Entered Level 2 of the Orcish Mines
 17431 | Orc:2    | Noticed an ettin
 17455 | Orc:2    | Killed an ettin
 17472 | Orc:2    | Found a staircase to the Elven Halls.
 17481 | Orc:2    | Found a gate leading to a gauntlet.
 17481 | Orc:2    | Noticed an ettin
 17491 | Orc:2    | Killed an ettin
 17506 | Gauntlet | Entered a Gauntlet
 17506 | Gauntlet | Found a transporter.
 17506 | Gauntlet | Found a transporter.
 17506 | Gauntlet | Found a transporter.
 17863 | Gauntlet | Found a transporter.
 17864 | Gauntlet | Found a transporter.
 17868 | Gauntlet | Found a transporter.
 17873 | Gauntlet | Found a transporter.
 17875 | Gauntlet | Found a transporter.
 17876 | Gauntlet | Found a transporter.
 17878 | Gauntlet | Found a transporter.
 17879 | Gauntlet | Noticed a ghost crab
 17886 | Gauntlet | Found a transporter.
 17887 | Gauntlet | Found a transporter.
 17969 | Gauntlet | Found the +4 robe of Folly {Brilliance Will-∞ Int+8}
 18017 | Gauntlet | Identified the ring "Juimoradd" {Contam AC+4 Int+6 Dex+7}
 18017 | Gauntlet | Noticed a minotaur
 18363 | Gauntlet | Reached XP level 13. HP: 119/124 MP: 12/12
 18411 | Gauntlet | Killed a minotaur
 18437 | Gauntlet | Identified the +1 pair of boots "Tir Vuumuqy" {rN+}
 18711 | Orc:2    | Reached skill level 1 in Shields
 19113 | Orc:1    | Paralysed by an orc sorcerer for 3 turns
 19296 | Orc:1    | Received a gift from Trog
 19607 | Orc:1    | Paralysed by an orc sorcerer for 5 turns
 20326 | Orc:2    | Noticed Jorgrun
 20349 | Orc:2    | Killed Jorgrun
 20706 | Orc:2    | Reached skill level 5 in Shields
 20763 | Orc:2    | Gained mutation: You do not regenerate when monsters are
                  | visible. [a neqoxec]
 21097 | Orc:1    | Reached skill level 15 in Fighting
 21362 | Orc:2    | Found Isitwis's Book Boutique.
 21362 | Orc:2    | Found Aso Ufet's Antique Weapon Shoppe.
 21402 | Orc:2    | Found Ruogrun's Book Boutique.
 21402 | Orc:2    | Found Myah's Jewellery Shoppe.
 21420 | Orc:2    | Bought the ring "Ariti" {rPois Str+4 Dex+2} for 514 gold
                  | pieces
 21420 | Orc:2    | Bought an amulet of regeneration for 390 gold pieces
 21732 | D:13     | Noticed Erolcha
 21900 | Lair:1   | Entered Level 1 of the Lair of Beasts
 21921 | Lair:1   | Reached skill level 15 in Armour
 21942 | Lair:1   | Found a frozen archway.
 21954 | IceCv    | Entered an ice cave
 22166 | IceCv    | Lost mutation: You do not regenerate when monsters are
                  | visible. [potion of mutation]
 22166 | IceCv    | Gained mutation: Your movements are slightly less
                  | encumbered by armour. (ER -2) [potion of mutation]
 22383 | IceCv    | Identified the +11 broad axe of Diet Blood {vorpal, rN+++
                  | Str+8 Dex-5 SInv} (Trog gifted it to you in an ice cave)
 22383 | IceCv    | Received a gift from Trog
 22387 | IceCv    | Reached XP level 14. HP: 130/136 MP: 4/13
 22590 | Lair:1   | Identified the +3 arbalest "Gazipiag" {flame, rElec rPois
                  | Str-2 Dex+7}
 24054 | Lair:3   | Noticed Nergalle
 24063 | Lair:3   | Killed Nergalle
 24083 | Lair:3   | Found a staircase to the Shoals.
 24136 | Lair:3   | Noticed Rupert
 24153 | Lair:3   | Killed Rupert
 24429 | Lair:3   | Found a staircase to the Snake Pit.
 24648 | Lair:4   | Noticed Sonja
 24651 | Lair:4   | Killed Sonja
 24692 | Lair:4   | Found an ornate altar of the Wu Jian Council.
 24719 | Lair:4   | Noticed Snorg
 24724 | Lair:4   | Killed Snorg
 25067 | Lair:4   | Identified the +5 flail of Wicked Resourcefulness {vorpal,
                  | *Noise rC++ rCorr Stlth+}
 25247 | Lair:4   | Found a staircase to the Slime Pits.
 25831 | Lair:5   | Entered Level 5 of the Lair of Beasts
 25994 | Lair:5   | Reached skill level 10 in Shields
 26150 | Lair:5   | Received a gift from Trog
 26347 | Lair:5   | Reached XP level 15. HP: 145/147 MP: 14/14
 26691 | Snake:1  | Entered Level 1 of the Snake Pit
 27345 | Snake:1  | Reached ****** piety under Trog
 27553 | Snake:1  | Found Lukh's Distillery.
 27561 | Snake:1  | Bought a potion of heal wounds for 70 gold pieces
 27892 | Snake:2  | Received a gift from Trog
 29014 | Snake:3  | Found Enoleur's Armour Shoppe.
 29045 | Snake:3  | Noticed Agnes
 29054 | Snake:3  | HP: 10/228 [Agnes/+3 lajatang of speed (25)]
 29055 | Snake:3  | Mangled by Agnes

Illustrated notes

Levels and vault maps discovered:
D:1:      lightli_arrival_lavapool, layout_basic
D:2:      layout_loops_cross
D:3:      layout_basic, uniq_ijyb
D:4:      layout_rooms, mainiacjoe_overflow_brackets, uniq_sigmund,
          uniq_natasha, uniq_duvessa
D:5:      layout_cave_pods, nicolae_overflow_squiral, led_sif_book,
          nicolae_shop_gadgets
D:6:      layout_cave_pods, minmay_temple_entry_poolview
D:7:      layout_loops_ring, grunt_temple_overflow_lords_of_destruction,
          old_standard_altar, moated_statue
D:8:      layout_loops_corners, mainiacjoe_overflow_six_doors_small,
          nicolae_dithmenos_shadow_blocks
D:9:      layout_roguey, mainiacjoe_overflow_concentric_impassable
D:10:     layout_roguey, grunt_temple_overflow_open, david_lair_shrubbed,
          enter_bailey_6, minivault_10, lemuel_another_geyser, uniq_fannar
D:11:     layout_stronghold, erik_orc_1, gammafunk_ghost_spectres,
          kennysheep_kite_vault
D:12:     layout_roguey
D:13:     layout_long_grid, david_vaults_1, minmay_nine_imps, uniq_erolcha
Lair:1:   layout_roguey, portal_ice_cave_rime, fungi_pond_lemuel,
          serial_bayou_lagoon_b
Lair:2:   layout_chaotic_city, nzn_sisyphean_effort, infiniplex_staircase_pool_2
Lair:3:   layout_hall_layers, minmay_shoals_entry_centaurs,
          guppyfry_snake_entry_garden, dpeg_oklob_1, uniq_nergalle, uniq_rupert
Lair:4:   minmay_lair_oklob_tunnel, layout_cave_shapes, slime_entry_1,
          basic_altar, serial_bayou_pond_e, uniq_snorg, uniq_sonja
Lair:5:   grunt_lair_end_beastmaster, layout_misc_corridors,
          bobbens_dragon_lair_wall
Snake:1:  layout_cave_pods, serial_shops, shop, nicolae_snake_gridmaze_waves,
          beargit_elvish_explorers, grunt_megastairs_2
Snake:2:  layout_gridlike, drop_trap
Snake:3:  layout_onion, serial_shops, shop, lemuel_fruit_tree, uniq_agnes
Orc:1:    layout_caves, hangedman_minor_magic
Orc:2:    grunt_orc_tribal_feast, layout_diamond_mine, gauntlet_entry_generic,
          uniq_jorgrun

Skill      XL: |  1  2  3  4  5  6  7  8  9 10 11 12 13 14 15 |
---------------+----------------------------------------------+-----
Axes           | 4 5 6 7 8 10 12 14 16 18 | 18.3
Fighting       | 4 5 6 8 9 11 12 14 15 17 19 | 19.2
Armour         | 3 4 5 6 7 9 10 12 13 15 17 19 | 19.0
Shields        | 7 10 | 10.0
Dodging        | |  2.1

Action                   |  1- 3 |  4- 6 |  7- 9 | 10-12 | 13-15 || total
-------------------------+-------+-------+-------+-------+-------++-------
Melee: Hand axe          |    91 |    72 |   259 |       |       ||   422
       Headbutt          |    11 |     9 |    64 |   110 |   175 ||   369
       Punch             |       |       |     4 |       |       ||     4
       Flail             |       |       |    34 |       |     3 ||    37
       Battleaxe         |       |       |    28 |   488 |     6 ||   522
       Broad axe         |       |       |       |       |   742 ||   742
Throw: Javelin           |       |     5 |     4 |       |       ||     9
       Boomerang         |       |       |    16 |     1 |       ||    17
       Dart              |       |       |       |    14 |       ||    14
Invok: Berserk           |       |     2 |     2 |     4 |     3 ||    11
       Trog's Hand       |       |       |       |     1 |       ||     1
       Brothers in Arms  |       |       |       |       |     1 ||     1
Evoke: Wand              |       |       |       |       |     1 ||     1
  Use: Scroll            |     6 |     3 |     5 |    10 |    11 ||    35
       Potion            |       |     1 |     2 |     4 |     3 ||    10
Armor: Animal skin       |     3 |       |       |       |       ||     3
       Leather armour    |    21 |       |       |       |       ||    21
       Plate armour      |     7 |    39 |   151 |   223 |   125 ||   545
       Chain mail        |       |       |       |       |   179 ||   179
Dodge: Dodged            |    44 |    16 |    86 |   137 |   157 ||   440
Block: Kite shield       |       |       |       |       |   298 ||   298
       Reflection        |       |       |       |       |    35 ||    35

Table legend: (Time is in decaauts)
 A = Elapsed time spent in this place.
 B = Non-inter-level travel time spent in this place.
 C = Inter-level travel time spent in this place.
 D = Time resting spent in this place.
 E = Time spent auto-exploring this place.
 F = Levels seen in this place.
 G = Mean time per level.
                   A        B        C        D        E       F      G
               +--------+--------+--------+--------+--------+-----+--------+
         Total |  29037 |  27916 |   1121 |   5923 |  15525 |  26 | 1116.8 |
       Dungeon |  16846 |  16230 |    616 |   3058 |  10548 |  13 | 1295.8 |
          Lair |   4236 |   4053 |    183 |    161 |   3038 |   5 |  847.2 |
     Snake Pit |   2334 |   2090 |    244 |    247 |   1002 |   3 |  778.0 |
  Orcish Mines |   3479 |   3402 |     77 |   1614 |    868 |   2 | 1739.5 |
        Bailey |    611 |    611 |      0 |     96 |     69 |   1 |  611.0 |
      Ice Cave |    502 |    502 |      0 |     67 |      0 |   1 |  502.0 |
      Gauntlet |   1026 |   1026 |      0 |    679 |      0 |   1 | 1026.0 |
               +--------+--------+--------+--------+--------+-----+--------+

Top non-repeatable levels by time:
    D:11: 3038 daAuts
   Orc:1: 1803 daAuts
     D:8: 1704 daAuts
   Orc:2: 1675 daAuts
     D:9: 1668 daAuts
     D:5: 1645 daAuts
     D:4: 1527 daAuts
  Lair:4: 1227 daAuts
     D:3: 1204 daAuts
     D:6: 1139 daAuts
 Snake:1: 1084 daAuts
    D:12: 1063 daAuts
     D:7: 1040 daAuts
Gauntlet: 1026 daAuts
    D:10: 1026 daAuts
